General information
- name: BNet
- type: Ladder team game (AT/RT)
- host: Battle.net
- saver: ching_chong
map: UpperKingdom
- players: 6
- length: 248:59
- speed: Fast
- version: 1.26 W3XP
- replay type: Public
» download(1371 KB)
Players
team 1 (winner)
chineseorjapane (
red | 34 APM | 8440 actions | 248:57)
10 Blademaster
3 Wind Walk
3 Critical Strike
1 Bladestorm
3 Mirror Image
3 Shadow Hunter
1 Hex
2 Healing Wave
» actions
| Assign group hotkey | 103 | |
| Basic commands | 296 | |
| Build / train | 138 | |
| Enter build submenu | 68 | |
| Enter hero's abilities submenu | 14 | |
| Give item / drop item | 10 | |
| Remove unit from queue | 2 | |
| Right click | 4013 | |
| Select / deselect | 1326 | |
| Select group hotkey | 1360 | |
| Use ability | 1110 | |
8440 total
» units
» upgrades
| Ranged Weapons | 1 | |
| Reinforced Defenses | 1 | |
| Liquid Fire | 1 | |
| Armor | 2 | |
5 total
» buildings
| Altar of Storms | 2 | |
| Orc Burrow | 15 | |
| War Mill | 1 | |
| Voodoo Lounge | 3 | |
| Watch Tower | 31 | |
| Stronghold | 4 | |
| Beastiary | 4 | |
| Fortress | 3 | |
63 total
» build order
00:10 Altar of Storms
00:12 Orc Burrow
00:46 War Mill
01:06 Voodoo Lounge
02:00 Watch Tower
02:38 Watch Tower
02:55 Watch Tower
03:05 Watch Tower
03:14 Watch Tower
04:01 Watch Tower
04:10 Orc Burrow
04:28 Watch Tower
04:58 Watch Tower
05:00 Watch Tower
05:02 Watch Tower
05:02 Watch Tower
05:05 Watch Tower
05:13 Watch Tower
05:16 Watch Tower
05:24 Orc Burrow
06:00 Stronghold
06:00 Stronghold
06:00 Stronghold
06:31 Watch Tower
07:41 Watch Tower
07:46 Watch Tower
07:50 Orc Burrow
08:28 Beastiary
08:30 Beastiary
08:31 Beastiary
08:34 Beastiary
09:10 Watch Tower
09:20 Orc Burrow
09:33 Voodoo Lounge
11:30 Watch Tower
11:52 Watch Tower
14:44 Fortress
14:44 Fortress
15:03 Watch Tower
15:06 Watch Tower
16:45 Watch Tower
16:45 Watch Tower
18:19 Watch Tower
18:20 Watch Tower
25:37 Voodoo Lounge
27:39 Watch Tower
28:55 Watch Tower
32:02 Watch Tower
32:54 Watch Tower
34:08 Watch Tower
35:14 Orc Burrow
35:14 Orc Burrow
35:15 Orc Burrow
35:19 Orc Burrow
35:19 Orc Burrow
35:20 Orc Burrow
36:02 Orc Burrow
36:04 Orc Burrow
166:33 Altar of Storms
167:00 Orc Burrow
167:44 Orc Burrow
» items
| Healing Salve | 4 | |
| Lesser Clarity Potion | 14 | |
| Scroll of Speed | 3 | |
| Scroll of Town Portal | 5 | |
| Orb of Lightning | 2 | |
| Tiny Great Hall | 1 | |
| Potion of Healing | 1 | |
| Staff of Sanctuary | 1 | |
31 total
ching_chong (
yellow | 41 APM | 10119 actions | 248:59)
6 Archmage
3 Blizzard
2 Brilliance Aura
1 Mass Teleport
8 Blood Mage
3 Flame Strike
3 Siphon Mana
1 Summon Phoenix
1 Banish
7 Pit Lord
3 Rain of Fire
3 Cleaving Attack
1 Doom
» actions
| Assign group hotkey | 253 | |
| Basic commands | 222 | |
| Build / train | 248 | |
| ESC pressed | 4 | |
| Enter build submenu | 112 | |
| Enter hero's abilities submenu | 23 | |
| Give item / drop item | 19 | |
| Remove unit from queue | 1 | |
| Right click | 4304 | |
| Select / deselect | 1573 | |
| Select group hotkey | 2250 | |
| Use ability | 1110 | |
10119 total
» units
| Peasant | 29 | |
| Sorceress | 2 | |
| Mortar Team | 3 | |
| Dragonhawk Rider | 11 | |
| Siege Engine | 1 | |
| Priest | 1 | |
| Barbed Arachnathid | 1 | |
48 total
» upgrades
| Masonry | 3 | |
| Lumber Harvesting | 2 | |
| Magic Sentry | 1 | |
| Sorceress Training | 2 | |
| Gunpowder | 3 | |
| Priest Training | 2 | |
| Fragmentation Shards | 1 | |
| Flare | 1 | |
| Armor | 2 | |
| Flak Cannons | 1 | |
| Cloud | 1 | |
| Storm Hammers | 1 | |
| Barrage | 1 | |
21 total
» buildings
| Farm | 22 | |
| Altar of Kings | 2 | |
| Lumber Mill | 2 | |
| Scout Tower | 205 | |
| Arcane Tower | 18 | |
| Guard Tower | 92 | |
| Keep | 5 | |
| Arcane Vault | 3 | |
| Castle | 1 | |
| Arcane Sanctum | 2 | |
| Blacksmith | 1 | |
| Workshop | 2 | |
| Gryphon Aviary | 5 | |
| Barracks | 1 | |
361 total
» build order
00:30 Farm
00:32 Altar of Kings
00:49 Lumber Mill
00:57 Scout Tower
00:59 Scout Tower
01:05 Scout Tower
01:13 Scout Tower
01:26 Arcane Tower
01:42 Arcane Tower
01:42 Arcane Tower
01:49 Scout Tower
01:54 Scout Tower
02:01 Farm
02:05 Arcane Tower
02:05 Arcane Tower
02:06 Arcane Tower
02:06 Arcane Tower
02:06 Arcane Tower
02:13 Scout Tower
02:16 Farm
02:22 Guard Tower
02:24 Scout Tower
02:27 Guard Tower
02:38 Arcane Tower
02:40 Scout Tower
02:41 Scout Tower
02:44 Scout Tower
02:45 Scout Tower
02:58 Guard Tower
02:59 Scout Tower
02:59 Scout Tower
03:06 Guard Tower
03:22 Guard Tower
03:22 Guard Tower
03:33 Scout Tower
03:35 Guard Tower
03:43 Scout Tower
03:44 Guard Tower
03:52 Guard Tower
03:52 Guard Tower
03:54 Scout Tower
04:11 Guard Tower
04:11 Guard Tower
04:13 Scout Tower
04:13 Scout Tower
04:16 Scout Tower
04:17 Scout Tower
04:38 Guard Tower
04:39 Scout Tower
04:39 Scout Tower
05:03 Scout Tower
05:08 Guard Tower
05:08 Guard Tower
05:09 Scout Tower
05:10 Scout Tower
05:11 Keep
05:11 Keep
05:11 Keep
05:14 Guard Tower
05:14 Guard Tower
05:14 Guard Tower
05:17 Scout Tower
05:23 Arcane Tower
05:23 Arcane Tower
05:23 Arcane Tower
05:24 Arcane Tower
05:45 Scout Tower
05:46 Scout Tower
05:48 Guard Tower
05:50 Scout Tower
05:52 Scout Tower
05:53 Scout Tower
05:58 Guard Tower
06:36 Guard Tower
06:39 Guard Tower
06:40 Scout Tower
06:41 Scout Tower
06:42 Scout Tower
06:42 Scout Tower
06:44 Guard Tower
06:46 Scout Tower
06:46 Scout Tower
06:46 Scout Tower
06:47 Scout Tower
07:00 Scout Tower
07:00 Scout Tower
07:01 Scout Tower
07:24 Guard Tower
07:27 Farm
07:35 Guard Tower
08:02 Guard Tower
08:02 Guard Tower
08:03 Scout Tower
08:04 Scout Tower
08:04 Scout Tower
08:08 Scout Tower
08:09 Scout Tower
08:10 Scout Tower
08:11 Scout Tower
08:11 Scout Tower
08:33 Guard Tower
08:33 Guard Tower
08:34 Guard Tower
08:58 Scout Tower
08:58 Scout Tower
09:00 Scout Tower
09:01 Scout Tower
09:13 Guard Tower
09:14 Guard Tower
09:22 Guard Tower
09:22 Guard Tower
10:09 Arcane Vault
10:32 Scout Tower
10:33 Scout Tower
10:33 Scout Tower
11:22 Castle
11:30 Guard Tower
11:36 Scout Tower
11:37 Scout Tower
11:37 Scout Tower
11:38 Scout Tower
11:38 Scout Tower
11:39 Scout Tower
11:42 Guard Tower
11:54 Guard Tower
12:19 Scout Tower
12:19 Scout Tower
12:20 Scout Tower
12:23 Scout Tower
12:24 Scout Tower
12:25 Scout Tower
12:26 Scout Tower
12:26 Scout Tower
12:41 Scout Tower
12:42 Scout Tower
12:42 Scout Tower
12:43 Scout Tower
12:43 Scout Tower
12:43 Scout Tower
12:44 Scout Tower
13:00 Guard Tower
13:05 Farm
13:14 Guard Tower
13:20 Guard Tower
13:38 Guard Tower
14:00 Guard Tower
15:03 Scout Tower
15:04 Scout Tower
15:04 Scout Tower
15:05 Scout Tower
15:32 Arcane Sanctum
15:42 Arcane Tower
15:42 Arcane Tower
15:46 Guard Tower
16:56 Guard Tower
16:57 Scout Tower
16:58 Scout Tower
16:59 Scout Tower
16:59 Scout Tower
16:59 Scout Tower
17:02 Scout Tower
17:02 Scout Tower
17:02 Scout Tower
17:03 Scout Tower
17:04 Scout Tower
17:04 Scout Tower
17:09 Guard Tower
17:10 Guard Tower
17:12 Scout Tower
17:12 Scout Tower
17:12 Scout Tower
17:13 Scout Tower
17:42 Scout Tower
17:42 Scout Tower
17:42 Scout Tower
17:43 Scout Tower
17:43 Scout Tower
17:44 Scout Tower
17:44 Scout Tower
17:44 Scout Tower
17:45 Scout Tower
17:54 Scout Tower
17:57 Scout Tower
17:59 Guard Tower
18:12 Guard Tower
18:12 Guard Tower
18:14 Scout Tower
18:14 Scout Tower
18:15 Scout Tower
18:15 Scout Tower
18:18 Scout Tower
18:19 Scout Tower
18:26 Guard Tower
18:49 Blacksmith
18:51 Farm
19:01 Guard Tower
19:44 Guard Tower
19:44 Guard Tower
19:59 Arcane Vault
20:20 Guard Tower
21:28 Scout Tower
21:28 Scout Tower
21:28 Scout Tower
21:29 Scout Tower
21:29 Scout Tower
21:29 Scout Tower
21:30 Scout Tower
21:30 Scout Tower
21:30 Scout Tower
21:30 Scout Tower
21:31 Scout Tower
22:08 Guard Tower
22:43 Guard Tower
22:46 Workshop
22:52 Farm
22:53 Farm
23:21 Guard Tower
23:32 Scout Tower
23:32 Scout Tower
24:02 Scout Tower
24:03 Scout Tower
24:06 Scout Tower
24:07 Scout Tower
24:07 Scout Tower
24:08 Scout Tower
24:08 Scout Tower
24:09 Scout Tower
24:10 Scout Tower
24:10 Scout Tower
24:11 Scout Tower
24:12 Scout Tower
24:13 Scout Tower
24:13 Scout Tower
24:14 Scout Tower
24:15 Scout Tower
24:15 Scout Tower
24:16 Scout Tower
24:17 Scout Tower
24:17 Scout Tower
24:18 Scout Tower
24:20 Scout Tower
24:20 Scout Tower
24:20 Scout Tower
24:37 Guard Tower
24:38 Scout Tower
24:38 Scout Tower
24:38 Scout Tower
24:39 Scout Tower
24:39 Scout Tower
25:09 Guard Tower
25:10 Scout Tower
25:11 Scout Tower
25:34 Guard Tower
25:39 Guard Tower
25:40 Guard Tower
26:19 Scout Tower
26:20 Scout Tower
26:20 Scout Tower
26:20 Scout Tower
26:21 Scout Tower
26:21 Scout Tower
26:22 Scout Tower
26:22 Scout Tower
26:27 Guard Tower
26:27 Guard Tower
26:32 Gryphon Aviary
26:54 Scout Tower
26:54 Scout Tower
27:02 Guard Tower
27:42 Guard Tower
28:13 Guard Tower
28:15 Scout Tower
28:15 Scout Tower
28:16 Scout Tower
28:16 Scout Tower
29:13 Arcane Sanctum
29:40 Guard Tower
31:16 Farm
31:16 Farm
31:16 Farm
31:17 Farm
31:17 Farm
31:17 Farm
31:18 Farm
31:18 Farm
31:52 Guard Tower
33:45 Scout Tower
33:46 Scout Tower
33:47 Scout Tower
33:47 Scout Tower
33:48 Scout Tower
33:49 Scout Tower
35:32 Gryphon Aviary
35:32 Gryphon Aviary
35:33 Gryphon Aviary
35:37 Workshop
35:43 Barracks
41:46 Lumber Mill
43:16 Guard Tower
44:23 Scout Tower
44:23 Scout Tower
44:24 Scout Tower
44:25 Scout Tower
44:29 Scout Tower
44:30 Scout Tower
44:30 Scout Tower
44:41 Scout Tower
44:43 Scout Tower
44:45 Scout Tower
44:46 Scout Tower
44:57 Guard Tower
44:59 Guard Tower
44:59 Guard Tower
45:33 Guard Tower
52:17 Scout Tower
52:18 Scout Tower
52:18 Scout Tower
52:19 Scout Tower
52:20 Keep
52:53 Guard Tower
53:06 Scout Tower
53:13 Guard Tower
54:00 Farm
54:01 Farm
54:02 Farm
54:43 Farm
54:44 Farm
54:45 Farm
54:57 Guard Tower
54:57 Guard Tower
55:25 Scout Tower
55:26 Scout Tower
55:26 Scout Tower
55:36 Altar of Kings
55:57 Guard Tower
55:58 Scout Tower
56:49 Guard Tower
56:50 Guard Tower
58:01 Gryphon Aviary
58:13 Scout Tower
58:55 Arcane Tower
59:07 Arcane Vault
248:54 Scout Tower
» items
| Scroll of Speed | 1 | |
| Lesser Clarity Potion | 1 | |
| Healing Salve | 1 | |
| Ivory Tower | 13 | |
| Staff of Sanctuary | 3 | |
| Scroll of Regeneration | 3 | |
| Potion of Healing | 2 | |
| Orb of Lightning | 3 | |
| Tiny Great Hall | 1 | |
| Scroll of Town Portal | 3 | |
| Mechanical Critter | 2 | |
33 total
worldoftankcraf (
teal | 29 APM | 7313 actions | 248:57)
10 Warden
3 Shadow Strike
3 Blink
1 Spirit of Vengeance
3 Fan of Knives
» actions
| Assign group hotkey | 29 | |
| Basic commands | 6 | |
| Build / train | 92 | |
| Enter build submenu | 29 | |
| Enter hero's abilities submenu | 10 | |
| Give item / drop item | 28 | |
| Remove unit from queue | 10 | |
| Right click | 4683 | |
| Select / deselect | 810 | |
| Select group hotkey | 1060 | |
| Use ability | 554 | |
7313 total
» units
| Wisp | 55 | |
| Chimaera | 2 | |
| Druid of the Talon | 3 | |
60 total
» upgrades
| Ultravision | 1 | |
| Corrosive Breath | 1 | |
| Well Spring | 1 | |
| Nature's Blessing | 1 | |
| Strength of the Wild | 1 | |
| Reinforced Hides | 1 | |
| Druid of the Talon Training | 0 | |
6 total
» buildings
| Altar of Elders | 3 | |
| Moon Well | 6 | |
| Tree of Life | 8 | |
| Tree of Ages | 2 | |
| Hunter's Hall | 1 | |
| Tree of Eternity | 1 | |
| Ancient of Wind | 4 | |
| Chimaera Roost | 2 | |
27 total
» build order
00:10 Altar of Elders
00:11 Moon Well
01:32 Moon Well
06:39 Tree of Life
08:37 Tree of Life
09:12 Tree of Ages
09:47 Hunter's Hall
10:05 Moon Well
13:04 Tree of Eternity
13:38 Ancient of Wind
13:49 Tree of Life
16:52 Chimaera Roost
16:52 Chimaera Roost
17:43 Tree of Life
17:47 Tree of Life
22:28 Tree of Life
23:19 Moon Well
23:21 Moon Well
23:23 Moon Well
26:14 Tree of Life
26:41 Tree of Life
37:35 Ancient of Wind
37:36 Ancient of Wind
37:39 Ancient of Wind
55:22 Tree of Ages
82:49 Altar of Elders
206:37 Altar of Elders
» items
| Healing Salve | 2 | |
| Orb of Lightning | 1 | |
| Scroll of Town Portal | 2 | |
| Tiny Great Hall | 1 | |
6 total
team 2 (loser)
arahan.1234 (
green | 98 APM | 15989 actions | 162:32)
8 Death Knight
3 Death Coil
3 Unholy Aura
2 Death Pact
7 Lich
3 Frost Nova
3 Frost Armor
1 Death and Decay
7 Crypt Lord
3 Impale
3 Spiked Carapace
1 Locust Swarm
» actions
| Assign group hotkey | 135 | |
| Basic commands | 1416 | |
| Build / train | 217 | |
| ESC pressed | 5 | |
| Enter build submenu | 44 | |
| Enter hero's abilities submenu | 25 | |
| Give item / drop item | 15 | |
| Right click | 5035 | |
| Select / deselect | 2280 | |
| Select group hotkey | 6350 | |
| Use ability | 467 | |
15989 total
» units
| Acolyte | 42 | |
| Ghoul | 3 | |
| Crypt Fiend | 18 | |
| Obsidian Statue | 6 | |
| Frost Wyrm | 16 | |
| Abomination | 6 | |
| Gargoyle | 18 | |
109 total
» upgrades
| Web | 1 | |
| Destroyer Form | 1 | |
| Creature Attack | 3 | |
| Creature Carapace | 3 | |
| Disease Cloud | 1 | |
| Freezing Breath | 1 | |
| Burrow | 1 | |
11 total
» buildings
| Graveyard | 1 | |
| Crypt | 3 | |
| Altar of Darkness | 1 | |
| Ziggurat | 13 | |
| Tomb of Relics | 2 | |
| Halls of the Dead | 3 | |
| Black Citadel | 3 | |
| Slaughterhouse | 2 | |
| Sacrificial Pit | 1 | |
| Boneyard | 4 | |
| Spirit Tower | 17 | |
| Necropolis | 2 | |
52 total
» build order
00:06 Graveyard
00:07 Crypt
00:42 Altar of Darkness
00:57 Ziggurat
01:25 Tomb of Relics
01:28 Tomb of Relics
02:00 Ziggurat
04:12 Ziggurat
05:03 Halls of the Dead
05:03 Halls of the Dead
06:49 Ziggurat
07:37 Black Citadel
07:37 Black Citadel
07:38 Black Citadel
08:32 Slaughterhouse
10:29 Ziggurat
11:37 Sacrificial Pit
15:12 Boneyard
15:55 Boneyard
16:42 Ziggurat
17:10 Spirit Tower
17:10 Spirit Tower
17:27 Spirit Tower
17:28 Spirit Tower
22:03 Ziggurat
24:23 Slaughterhouse
25:12 Necropolis
39:17 Spirit Tower
39:17 Spirit Tower
39:17 Spirit Tower
55:36 Necropolis
55:48 Crypt
56:48 Ziggurat
56:50 Ziggurat
56:51 Ziggurat
57:04 Ziggurat
57:06 Ziggurat
57:24 Crypt
57:54 Spirit Tower
57:55 Spirit Tower
57:55 Spirit Tower
57:56 Spirit Tower
57:57 Spirit Tower
58:03 Spirit Tower
65:15 Boneyard
65:17 Boneyard
68:09 Ziggurat
» items
| Rod of Necromancy | 7 | |
| Dust of Appearance | 2 | |
| Lesser Clarity Potion | 1 | |
| Healing Salve | 1 | |
| Orb of Corruption | 1 | |
| Scroll of Town Portal | 3 | |
| Potion of Mana | 1 | |
| Potion of Healing | 1 | |
17 total
Bayer (
blue | 165 APM | 41007 actions | 248:56)
10 Blademaster
3 Wind Walk
3 Critical Strike
1 Bladestorm
3 Mirror Image
4 Shadow Hunter
2 Hex
2 Healing Wave
1 Death Knight
1 Animate Dead
1 Crypt Lord
1 Carrion Beetles
1 Lich
1 Dark Ritual
» actions
| Assign group hotkey | 84 | |
| Basic commands | 1238 | |
| Build / train | 270 | |
| Enter build submenu | 112 | |
| Enter hero's abilities submenu | 20 | |
| Give item / drop item | 18 | |
| Remove unit from queue | 1 | |
| Right click | 16310 | |
| Select / deselect | 4503 | |
| Select group hotkey | 17437 | |
| Use ability | 1014 | |
41007 total
» units
| Peon | 25 | |
| Grunt | 4 | |
| Troll Batrider | 103 | |
| Demolisher | 11 | |
| Raider | 19 | |
| Shaman | 11 | |
| Tauren | 16 | |
| Spirit Walker | 2 | |
191 total
» upgrades
| Backpack | 1 | |
| Melee Weapons | 4 | |
| Ranged Weapons | 3 | |
| Reinforced Defenses | 1 | |
| Armor | 3 | |
| Spiked Barricades | 3 | |
| Burning Oil | 1 | |
| Ensnare | 1 | |
| War Drums Damage Increase | 1 | |
| Pillage | 1 | |
| Shaman Training | 2 | |
| Pulverize | 1 | |
| Spirit Walker Training | 2 | |
24 total
» buildings
| Altar of Storms | 1 | |
| Orc Burrow | 8 | |
| Voodoo Lounge | 3 | |
| Barracks | 1 | |
| War Mill | 6 | |
| Stronghold | 1 | |
| Watch Tower | 60 | |
| Beastiary | 3 | |
| Fortress | 1 | |
| Great Hall | 5 | |
| Spirit Lodge | 1 | |
| Tauren Totem | 2 | |
92 total
» build order
00:04 Altar of Storms
00:05 Orc Burrow
01:03 Voodoo Lounge
01:21 Barracks
01:42 Orc Burrow
02:26 War Mill
03:30 Orc Burrow
05:06 Stronghold
05:09 Watch Tower
05:39 Orc Burrow
07:39 Beastiary
07:41 Fortress
07:44 Beastiary
08:27 Watch Tower
09:47 Orc Burrow
10:43 Great Hall
10:50 Watch Tower
12:15 Watch Tower
13:17 Watch Tower
14:23 Watch Tower
15:50 Watch Tower
16:00 War Mill
18:51 War Mill
23:20 Orc Burrow
23:29 Spirit Lodge
23:36 Tauren Totem
26:27 War Mill
26:32 War Mill
27:25 Tauren Totem
28:03 Watch Tower
28:51 Orc Burrow
29:12 Watch Tower
29:55 Orc Burrow
31:12 Watch Tower
32:19 Great Hall
36:55 War Mill
39:40 Great Hall
42:20 Watch Tower
42:21 Watch Tower
42:22 Watch Tower
43:02 Watch Tower
43:27 Watch Tower
43:28 Watch Tower
43:29 Watch Tower
43:33 Watch Tower
43:34 Watch Tower
45:00 Watch Tower
45:02 Watch Tower
45:05 Watch Tower
45:07 Great Hall
45:09 Watch Tower
45:11 Watch Tower
45:31 Watch Tower
45:32 Watch Tower
46:06 Watch Tower
46:09 Watch Tower
46:36 Watch Tower
46:37 Watch Tower
46:50 Watch Tower
46:51 Watch Tower
46:53 Watch Tower
46:55 Watch Tower
47:07 Watch Tower
47:09 Watch Tower
47:10 Watch Tower
47:16 Watch Tower
47:19 Watch Tower
47:46 Watch Tower
48:49 Watch Tower
48:51 Watch Tower
50:08 Watch Tower
50:09 Watch Tower
51:37 Watch Tower
64:53 Watch Tower
64:54 Watch Tower
64:56 Watch Tower
64:57 Watch Tower
65:01 Watch Tower
67:28 Watch Tower
67:29 Watch Tower
67:30 Watch Tower
67:32 Watch Tower
67:33 Watch Tower
68:54 Watch Tower
68:55 Watch Tower
68:56 Watch Tower
73:00 Great Hall
73:02 Watch Tower
73:03 Watch Tower
76:35 Beastiary
120:29 Voodoo Lounge
121:43 Voodoo Lounge
» items
| Healing Salve | 6 | |
| Scroll of Speed | 3 | |
| Lesser Clarity Potion | 7 | |
| Orb of Lightning | 2 | |
| Potion of Mana | 2 | |
| Potion of Healing | 5 | |
| Scroll of Town Portal | 2 | |
| Tiny Great Hall | 1 | |
28 total
ultralight (
orange | 92 APM | 14945 actions | 163:19)
4 Keeper of the Grove
1 Entangling Roots
1 Thorns Aura
2 Force of Nature
5 Priestess of the Moon
2 Trueshot Aura
2 Scout
1 Searing Arrows
1 Warden
1 Blink
» actions
| Assign group hotkey | 133 | |
| Basic commands | 1598 | |
| Build / train | 161 | |
| ESC pressed | 8 | |
| Enter build submenu | 65 | |
| Enter hero's abilities submenu | 9 | |
| Give item / drop item | 5 | |
| Right click | 5585 | |
| Select / deselect | 2042 | |
| Select group hotkey | 4884 | |
| Use ability | 455 | |
14945 total
» units
| Wisp | 57 | |
| Huntress | 6 | |
| Glaive Thrower | 16 | |
| Mountain Giant | 5 | |
| Chimaera | 18 | |
102 total
» upgrades
| Strength of the Moon | 1 | |
| Moon Armor | 1 | |
| Ultravision | 1 | |
| Vorpal Blades | 1 | |
| Abolish Magic | 1 | |
| Resistant Skin | 1 | |
| Hardened Skin | 1 | |
| Reinforced Hides | 3 | |
| Strength of the Wild | 3 | |
| Corrosive Breath | 1 | |
| Well Spring | 1 | |
15 total
» buildings
| Altar of Elders | 2 | |
| Moon Well | 16 | |
| Hunter's Hall | 2 | |
| Ancient of War | 4 | |
| Ancient of Wonders | 2 | |
| Tree of Ages | 5 | |
| Tree of Life | 5 | |
| Tree of Eternity | 5 | |
| Ancient Protector | 8 | |
| Ancient of Lore | 2 | |
| Ancient of Wind | 1 | |
| Chimaera Roost | 2 | |
54 total
» build order
00:05 Altar of Elders
00:17 Moon Well
01:24 Hunter's Hall
01:41 Ancient of War
02:01 Ancient of War
02:14 Moon Well
02:17 Moon Well
02:49 Ancient of Wonders
03:57 Moon Well
04:59 Moon Well
06:26 Tree of Ages
06:26 Tree of Ages
08:47 Tree of Life
10:53 Moon Well
16:56 Moon Well
17:24 Tree of Eternity
17:24 Tree of Eternity
17:42 Ancient Protector
18:08 Ancient of Lore
18:12 Ancient of War
18:14 Ancient of Lore
21:36 Ancient of War
23:21 Moon Well
23:27 Ancient Protector
24:17 Moon Well
24:18 Moon Well
25:28 Tree of Life
26:06 Moon Well
27:37 Ancient Protector
27:49 Ancient of Wind
28:06 Ancient Protector
30:41 Chimaera Roost
30:51 Chimaera Roost
38:21 Ancient Protector
38:23 Ancient Protector
42:22 Ancient Protector
42:25 Ancient Protector
43:56 Moon Well
43:58 Moon Well
44:00 Moon Well
44:45 Moon Well
46:07 Tree of Life
46:36 Tree of Ages
46:40 Hunter's Hall
47:48 Ancient of Wonders
54:12 Tree of Life
58:24 Tree of Life
83:38 Altar of Elders
84:46 Tree of Eternity
85:09 Moon Well
» items
| Tiny Great Hall | 11 | |
| Scroll of Town Portal | 1 | |
12 total
Chat log
(00:10 / Allies) ching_chong: tommy u do top choke
(00:19 / Allies) ching_chong: just 1 for now
(00:20 / Allies) ching_chong: very top
(01:18 / Allies) ching_chong: send heros to harass right waway
(01:29 / Allies) ching_chong: wood feed me hard
(01:37 / Allies) ching_chong: go for acos
(02:51 / Allies) ching_chong: tommy tower isnide ur base i fu have to
(03:29 / Allies) ching_chong: save tommys town
(04:00 / Allies) ching_chong: michael build tree of life in my town and tommys after u can
(04:19 / Allies) ching_chong: shit
(04:21 / Allies) ching_chong: tower htis like mad
(04:34 / Allies) ching_chong: spam, towers in ur base
(04:57 / Allies) ching_chong: tomym build 5 towers
(04:59 / Allies) ching_chong: right awya
(05:37 / Allies) ching_chong: build tree of life here
(05:38 / Allies) ching_chong: michael
(06:04 / Allies) ching_chong: so u can buidl it now
(07:11 / Allies) ching_chong: go acos
(07:53 / Allies) ching_chong: acos no cold tower
(08:06 / Allies) ching_chong: expo that michael
(08:30 / Allies) ching_chong: get bats soon
(09:31 / Allies) ching_chong: get chims
(11:24 / Allies) ching_chong: LUER MINES
(11:49 / Allies) ching_chong: bm rally jack
(11:49 / Allies) ching_chong: glaives
(11:51 / Allies) ching_chong: gogog
(12:06 / Allies) ching_chong: do we have bats?
(12:45 / Allies) ching_chong: wood
(13:15 / Allies) ching_chong: help at botom
(13:52 / Allies) ching_chong: gold
(15:54 / Allies) ching_chong: bat elf buidlings
(16:31 / Allies) ching_chong: elf main
(17:47 / Allies) ching_chong: WOOD
(17:50 / Allies) ching_chong: IDLE WARDEN
(18:39 / Allies) ching_chong: ya
(18:56 / Allies) ching_chong: michael expo
(19:51 / Allies) ching_chong: low hp glaive
(20:16 / Allies) ching_chong: lol
(21:45 / Allies) ching_chong: gold
(21:57 / Allies) ching_chong: gold
(22:20 / Allies) ching_chong: make elf main here
(22:57 / Allies) ching_chong: no orc shop or wells over here
(23:14 / Allies) ching_chong: some wyrms don here to bat
(23:16 / Allies) ching_chong: get liek 6 beastiary
(23:49 / Allies) ching_chong: reexpo
(24:29 / Allies) ching_chong: feed
(25:12 / Allies) ching_chong: elf main here
(25:27 / Allies) ching_chong: eat thru
(25:36 / Allies) ching_chong: elf main on far right
(26:41 / Allies) ching_chong: bat their expos if u can
(26:56 / Allies) ching_chong: idk
(27:03 / Allies) ching_chong: feed
(27:04 / Allies) ching_chong: wood
(27:25 / Allies) ching_chong: michael give tommy 3000 gold
(27:54 / Allies) ching_chong: hex
(28:07 / Allies) ching_chong: lol
(28:28 / Allies) ching_chong: bat expos so they arent sjust idle
(29:17 / Allies) ching_chong: wood
(29:47 / Allies) ching_chong: lol
(31:00 / Allies) ching_chong: ekep hadning them out
(31:24 / Allies) ching_chong: FILL THE BOTTOM EXPO
(31:57 / Allies) ching_chong: MICHAEL GOLD me 2k
(32:08 / Allies) ching_chong: FILL THIS MINE
(32:58 / Allies) ching_chong: bm go harass workers
(33:07 / Allies) ching_chong: lets 3v1 him
(34:21 / Allies) ching_chong: michael
(34:23 / Allies) ching_chong: get to 50 food
(35:48 / Allies) ching_chong: we are gonna lose orc town at this rate
(36:01 / Allies) ching_chong: how are we gonna perch left side
(36:03 / Allies) ching_chong: we better to dbototm
(36:16 / Allies) ching_chong: sending a new mort bottom
(36:18 / Allies) ching_chong: michael get quick hall
(36:22 / Allies) ching_chong: everyone pump units now
(36:23 / Allies) ching_chong: BREAK FOOD NOW
(36:25 / Allies) ching_chong: GET PERCH ARMY
(36:28 / Allies) ching_chong: get aa
(36:32 / Allies) ching_chong: dotts i guess
(37:17 / Allies) ching_chong: go bat expos
(37:21 / Allies) ching_chong: if uc an do it woithout losing basts
(37:24 / Allies) ching_chong: they will probably try to base race
(37:25 / Allies) ching_chong: and let u
(38:22 / Allies) ching_chong: GO
(38:23 / Allies) ching_chong: WHAT U WAIT FOR
(38:26 / Allies) ching_chong: DO HALL
(38:29 / Allies) ching_chong: AND STAR EATING SOUTH
(39:00 / Allies) ching_chong: start eating south
(39:10 / Allies) ching_chong: start eating south
(39:19 / Allies) ching_chong: stop feeding dotts
(39:36 / Allies) ching_chong: keep moving south with tree
(40:37 / Allies) ching_chong: hunt as much as u cna
(45:11 / Allies) ching_chong: dot luse ur heros
(45:15 / Allies) ching_chong: heros are all we got
(46:26 / Allies) ching_chong: ya
(46:28 / Allies) ching_chong: kill the chims
(46:32 / Allies) ching_chong: well
(46:32 / Allies) ching_chong: no
(46:33 / Allies) ching_chong: nvm
(46:34 / Allies) ching_chong: no
(47:14 / Allies) ching_chong: michael could put wells here
(47:20 / Allies) ching_chong: where my heros are standing
(47:26 / Allies) ching_chong: its out of siege range
(47:32 / Allies) ching_chong: and we can afford to lose wells to chim
(48:11 / Allies) ching_chong: is this enough on our perch?
(48:17 / Allies) ching_chong: or should michael give me money at upkeep
(48:20 / Allies) ching_chong: and lose 30% of it
(48:28 / Allies) ching_chong: what if i teched tier 2
(48:32 / Allies) ching_chong: and he bought quick towers
(48:58 / Allies) ching_chong: thers not hat much gold left
(48:59 / Allies) ching_chong: i think were fine
(49:38 / Allies) ching_chong: michael
(49:39 / Allies) ching_chong: staff a wisp
(49:50 / Allies) ching_chong: you had a wisp
(49:53 / Allies) ching_chong: i could have hadned you a staff
(49:53 / Allies) ching_chong: w/e
(49:55 / Allies) ching_chong: hindsight
(50:04 / Allies) ching_chong: LOL
(50:07 / Allies) ching_chong: there really is like 20k on the mine
(50:10 / Allies) ching_chong: map
(50:13 / Allies) ching_chong: i wasnt looking
(50:14 / All) arahan.1234: 나가
(50:33 / Allies) ching_chong: we have to spend our gold
(50:38 / Allies) ching_chong: either michael makes wells and techs
(50:40 / Allies) ching_chong: or i get towers
(51:38 / Allies) ching_chong: mihcale
(51:42 / Allies) ching_chong: gold me 3k
(51:47 / Allies) ching_chong: it cant be helped
(51:50 / Allies) ching_chong: wait
(51:50 / Allies) ching_chong: wait
(51:52 / Allies) ching_chong: ill kill morts
(51:59 / Allies) ching_chong: omg
(52:22 / Allies) ching_chong: gold me another 2k
(53:33 / Allies) ching_chong: dow e have any aa
(53:45 / Allies) ching_chong: get the fukign warden and bm up here
(54:49 / All) ultralight: 아십새끼들 존나 지저분하게하네
(54:52 / All) ching_chong:
(54:53 / All) worldoftankcraf:
(55:03 / Allies) ching_chong: warden get on the perch
(55:04 / All) ultralight: fucking chaness?
(55:08 / All) arahan.1234: WHERE ARE YOU FROM?
(55:20 / All) ultralight: piss off
(55:49 / Allies) ching_chong: lol
(56:01 / All) ultralight: fucking retarded all of u
(56:19 / All) ultralight: dont play dirty like this
(56:25 / All) ultralight: wat a pity
(57:12 / Allies) ching_chong: we dont have any aa to killt he chism
(59:21 / Allies) ching_chong: ud pumping gargs
(59:26 / Allies) ching_chong: inc chinms
(59:29 / Allies) ching_chong: use your 2 dotst
(59:38 / Allies) ching_chong: care warden
(60:19 / Allies) ching_chong: brb
(60:49 / Allies) ching_chong: back
(61:44 / Allies) ching_chong: heros come
(61:44 / Allies) ching_chong: defend
(62:24 / All) worldoftankcraf: noobs
(62:29 / All) ultralight: ㅋㅋㅋㅋㅋㅋㅋㅋㅋㅋㅋㅋ
(62:32 / All) arahan.1234: FUCKER
(62:38 / All) ultralight: fuckign you said noobs??
(62:41 / All) ching_chong: china rule u
(62:44 / All) ching_chong:
(62:45 / All) ultralight: u crazy?
(62:58 / All) arahan.1234: GERAT CHINA
(63:01 / Allies) ching_chong: chiense wouldnt bring him up
(63:23 / Allies) ching_chong: tommy how much gold u got
(63:25 / All) ultralight: all of u
(63:31 / Allies) ching_chong: we are pretty broke
(63:32 / All) ultralight: is it china style?
(63:35 / All) ultralight: like sky?
(63:39 / All) ultralight: boom shit
(63:39 / Allies) ching_chong: i shit the bed during that attack
(63:40 / All) ultralight: sucks
(63:42 / All) ultralight: u know
(63:42 / Allies) ching_chong: didnt use any of my staffs
(63:46 / All) ultralight: its really suck
(63:50 / All) ching_chong: all best player are china
(63:50 / All) ultralight: retarded
(63:57 / All) ultralight: hahahaha
(63:59 / All) arahan.1234: FUCKER
(64:02 / All) ultralight: not u
(64:05 / All) Bayer: sky loser
(64:25 / Allies) ching_chong: those chims arent doing us much good as is
(64:34 / Allies) ching_chong: ur gonna get raped bm
(64:36 / Allies) ching_chong: warden
(64:52 / Allies) ching_chong: run chims home
(65:07 / Allies) ching_chong: ud is at 50 food
(65:10 / Allies) ching_chong: 51
(65:11 / Allies) ching_chong: lol
(65:13 / Allies) ching_chong: hes a moron
(65:43 / Allies) ching_chong: tommy
(65:46 / Allies) ching_chong: windwalk south of the ud town
(65:54 / Allies) ching_chong: no
(65:57 / All) Bayer: china is maphack zz
(66:05 / All) ultralight: hack is on?
(66:10 / All) Bayer: china has no mother
(66:12 / All) ultralight: you cheating
(66:19 / Allies) ching_chong: go way down there
(66:29 / All) ultralight: im gonna report
(66:37 / All) ching_chong: report ur loss to www.chinareplays.com
(66:47 / All) arahan.1234: YOU DONT KNOW YOUR PLAY FUCK ALL CHINA
(66:50 / Allies) ching_chong: go away form bottom
(66:55 / Allies) ching_chong: yeah didnt want ot wait
(67:39 / Allies) ching_chong: 6 zigs caboomed
(67:45 / Allies) ching_chong: hes 50 food now tho
(67:48 / Allies) ching_chong: who killed the aco
(68:58 / Allies) ching_chong: they havent even tried to assault the perch with land
(69:08 / All) ching_chong: what sound does dead lich make in korea wc?
(69:28 / All) ultralight: how sucks u r
(69:43 / All) ultralight: your play is like idiot
(69:49 / All) ultralight: only defence
(69:53 / All) ultralight: super defend
(69:55 / All) ultralight: u know
(69:56 / All) arahan.1234: HAHA YOU ARE GOING TO FUCK PLAY BUT LAST WINER IS OURS
(70:05 / All) ching_chong: hey i wanted the last weiner
(70:18 / All) ultralight: yep juss your wish
(70:20 / Allies) ching_chong: i havent used polymorph once
(70:24 / All) ultralight: but u cant
(70:31 / Allies) ching_chong: tommy
(70:34 / Allies) ching_chong: hex snare
(70:47 / All) ultralight: yep in ur dream
(70:48 / Allies) ching_chong: he will blow his cover
(70:50 / Allies) ching_chong: to kill that bm
(71:00 / Allies) ching_chong: huge chim inc
(71:06 / Allies) ching_chong: u guys should both come to the perch
(71:09 / Allies) ching_chong: i want ot play perch wars
(71:11 / Allies) ching_chong: with our full army
(71:15 / Allies) ching_chong: tp up here
(71:34 / Allies) ching_chong: i need everyone
(71:36 / Allies) ching_chong: using polymorph
(71:37 / Allies) ching_chong: and so on
(71:44 / Allies) ching_chong: tommy
(71:49 / Allies) ching_chong: youre on polmyporh duty
(71:57 / Allies) ching_chong: since u have no units
(72:03 / Allies) ching_chong: u cant tp uphill
(72:19 / Allies) ching_chong: get the bm here
(72:33 / Allies) ching_chong: tommy confirm that you will polymorph
(72:35 / Allies) ching_chong: when they hit
(72:49 / Allies) ching_chong: whers dotts
(73:40 / Allies) ching_chong: implae
(74:03 / Allies) ching_chong: im gonna hold position the chims up here
(74:05 / Allies) ching_chong: just to take hits
(74:30 / Allies) ching_chong: if they got 20 bats that would be the end of our air
(74:33 / Allies) ching_chong: and then it woudl jsut be hero wars
(74:58 / Allies) ching_chong: potm
(74:59 / Allies) ching_chong: top right
(75:00 / Allies) ching_chong: low health
(75:01 / Allies) ching_chong: all laone
(75:06 / Allies) ching_chong: go top right get potm
(75:26 / Allies) ching_chong: dont sui those dotts
(75:50 / Allies) ching_chong: dman
(75:51 / Allies) ching_chong: we might lose this
(75:59 / Allies) ching_chong: w./e happens
(76:02 / Allies) ching_chong: dont lose your hero
(76:04 / Allies) ching_chong: defending on edge
(76:07 / Allies) ching_chong: yea
(76:09 / Allies) ching_chong: tp up nopw
(76:28 / Allies) ching_chong: instead of you tping
(76:32 / Allies) ching_chong: we could hav handed of f as taff
(76:34 / Allies) ching_chong: and had u build something
(76:36 / Allies) ching_chong: like a quick towr
(76:38 / Allies) ching_chong: fuuuk
(76:47 / Allies) ching_chong: yea but im saying
(76:49 / Allies) ching_chong: we wasted a tp scroll
(77:02 / Allies) ching_chong: move back some
(78:10 / Allies) ching_chong: dont sit up there on low hp
(78:20 / All) Bayer: ㅋㅋ
(78:21 / All) Bayer: zz
(78:21 / Allies) ching_chong: how did you get over there
(78:23 / All) Bayer: babo
(78:26 / All) Bayer: ugly
(78:28 / Allies) ching_chong: sending chims
(78:30 / All) ultralight: zzzzzzzzzzz
(78:31 / Allies) ching_chong: to die in the line of duty
(78:34 / Allies) ching_chong: so u can build a wisp
(78:42 / All) arahan.1234: YOUR BABY SO POOR
(78:42 / Allies) ching_chong: youre over food
(78:44 / All) ultralight: how idiot
(78:51 / Allies) ching_chong: roc is putting on a show
(78:52 / Allies) ching_chong: for his allies
(79:01 / Allies) ching_chong: b
(80:10 / Allies) ching_chong: ...
(80:17 / Allies) ching_chong: get a wisp
(80:19 / Allies) ching_chong: and build altar
(80:22 / Allies) ching_chong: its cheaper than tav
(80:40 / Allies) ching_chong: gogo make wisp
(80:41 / All) arahan.1234: SO BORING
(80:48 / All) ching_chong: balls in your court
(80:48 / Allies) worldoftankcraf: i got it back already
(80:57 / Allies) ching_chong: no way
(81:06 / Allies) ching_chong: get over here
(81:38 / Allies) ching_chong: closer hacker smoked our critter
(81:52 / Allies) ching_chong: michael make a wisp
(82:04 / Allies) ching_chong: yes cuz hes still trying to hide it
(82:06 / Allies) ching_chong: for his allies sake
(83:12 / Allies) ching_chong: 6k in mine, 6k in bank
(83:16 / Allies) ching_chong: dont lose heros
(83:24 / Allies) ching_chong: they havent even put a dent in our buildings yet
(83:46 / Allies) ching_chong: oh woops
(83:48 / Allies) ching_chong: didnt count left mine
(84:11 / Allies) ching_chong: why is elf 1 food
(84:20 / Allies) ching_chong: why is he so low tho
(84:48 / Allies) ching_chong: ud killed own acos
(85:11 / Allies) ching_chong: sell it
(85:29 / Allies) ching_chong: tommy make altar above mine
(85:40 / Allies) ching_chong: for your bm i mean
(85:44 / Allies) ching_chong: oh well i guess if bm dies were fucked
(85:51 / Allies) ching_chong: wer already amost broke
(85:57 / Allies) ching_chong: micahel dont greed urself
(86:05 / Allies) ching_chong: warden revive cost liek 4k
(87:36 / Allies) ching_chong: michael could blink oer, summon ult and blink back
(87:40 / Allies) ching_chong: if they are 2 screens awa
(88:14 / Allies) ching_chong: no
(88:26 / Allies) ching_chong: i kind of wish my main was dead
(88:29 / Allies) ching_chong: so i could use staffs
(88:33 / Allies) ching_chong: with more confidence
(88:46 / Allies) ching_chong: taurens
(88:48 / Allies) ching_chong: with backpack
(88:49 / Allies) ching_chong: brace urself
(89:07 / Allies) ching_chong: counterperch?
(89:23 / Allies) ching_chong: he has a quick hall
(89:30 / Allies) ching_chong: hE HAS AWARDEN
(89:31 / Allies) ching_chong: HE HAS A WARDEN
(89:43 / Allies) ching_chong: our ONLY hope
(89:46 / Allies) ching_chong: is to kill the thing
(89:49 / Allies) ching_chong: faster than it goes up
(89:54 / Allies) ching_chong: sto stay back and health
(89:57 / Allies) ching_chong: then when he places it
(89:59 / Allies) ching_chong: ult bm on it
(90:08 / Allies) ching_chong: ill 3aoe too
(90:10 / Allies) ching_chong: from as far back as i can
(90:13 / Allies) ching_chong: michael dotn die
(90:21 / Allies) ching_chong: we dont know where he will place it
(90:29 / Allies) ching_chong: michael get home
(90:32 / Allies) ching_chong: we need everyoen ready for htis
(90:34 / Allies) ching_chong: that tower doesnt matter
(90:48 / Allies) ching_chong: tommy
(90:49 / Allies) ching_chong: be ready
(90:50 / Allies) ching_chong: to ult it
(91:01 / Allies) ching_chong: b
(91:03 / Allies) ching_chong: b
(91:04 / Allies) ching_chong: b
(91:04 / Allies) ching_chong: b
(91:05 / Allies) ching_chong: b
(91:05 / Allies) ching_chong: b
(91:12 / Allies) ching_chong: ensnare + 10 nukes
(91:19 / Allies) ching_chong: 4 nukes iwll kill you
(92:04 / Allies) ching_chong: warden is bakc
(92:07 / Allies) ching_chong: with a new quick hall
(92:12 / Allies) ching_chong: ill tri aoe
(92:16 / Allies) ching_chong: but bm has to focus
(92:23 / Allies) ching_chong: no way
(92:27 / Allies) ching_chong: they will wait a while then come back here agian
(92:48 / Allies) ching_chong: this time they will try to send air first
(92:51 / Allies) ching_chong: to clear our heros out
(92:56 / Allies) ching_chong: i guarantee you they will quick hall us again
(93:12 / Allies) ching_chong: i would take 1:100 odds on them wardening our perch again
(93:22 / Allies) ching_chong: HES COMING
(93:23 / Allies) ching_chong: TOP
(93:50 / Allies) ching_chong: NO SUI
(93:58 / Allies) ching_chong: he has another hall
(94:02 / Allies) ching_chong: care warden and bm
(94:04 / Allies) ching_chong: dont lose them
(94:13 / Allies) ching_chong: heal ur hero
(94:15 / Allies) ching_chong: michael
(94:31 / Allies) ching_chong: they are gonna suppor thtis time
(94:32 / Allies) ching_chong: liek i said
(95:24 / Allies) ching_chong: warden b
(95:50 / Allies) ching_chong: says the guy who taverened warden three times in one minute
(96:17 / Allies) ching_chong: wcreplays hates me now
(96:25 / Allies) ching_chong: im name banned and ip banned
(96:38 / Allies) ching_chong: i havent bothered to disguise myself
(97:12 / All) Bayer: ㅋㅋ
(97:15 / All) Bayer: maphack china!!
(97:16 / All) worldoftankcraf: i see you
(97:24 / All) worldoftankcraf: youre imn plain view
(97:34 / Allies) ching_chong: dotn clog the chokes on our island
(97:41 / Allies) ching_chong: go
(97:42 / All) arahan.1234: YOU ARE SO GREAT PLAYER
(98:06 / All) ultralight: hey so boring
(98:09 / Allies) ching_chong: they have liek 1100 gold
(98:10 / All) ultralight: juss out
(98:13 / All) ultralight: you lose
(98:15 / All) ching_chong: china win all games
(98:18 / All) ching_chong: superior race
(98:28 / Allies) ching_chong: lol
(98:35 / Allies) ching_chong: what if they started charging drophack peons top left
(98:48 / Allies) ching_chong: ctrl alt delete, set process priority to high
(98:54 / Allies) ching_chong: not really
(98:57 / Allies) ching_chong: i doubt that would help
(99:52 / Allies) ching_chong: if they had gone 150 food air and hit the same time as quick hall
(99:54 / Allies) ching_chong: it would abeen rough
(100:03 / Allies) ching_chong: stay back
(100:04 / All) arahan.1234: YOU FUCK
(100:04 / Allies) ching_chong: let him come
(100:13 / All) arahan.1234: UP ALL CHINESE
(100:13 / Allies) ching_chong: we have demonstrated that we can kill it
(100:16 / Allies) ching_chong: fsater than it sets up
(100:20 / All) ching_chong: china # 1
(100:23 / All) ching_chong: korea # 10
(100:27 / Allies) ching_chong: YES
(100:28 / Allies) ching_chong: ye
(100:30 / Allies) ching_chong: YES
(100:38 / Allies) ching_chong: gonna tri aoe after he tps
(101:02 / All) ching_chong: HAHAHHAHAHAH
(101:05 / All) worldoftankcraf: LOL
(101:10 / All) ching_chong: KEKEKEKEKKEKE
(101:40 / Allies) ching_chong: wehrs the wrden now
(101:40 / Allies) ching_chong: dead?
(101:48 / All) ultralight: ok we gonna get break
(101:56 / All) ultralight: have a good defense
(102:07 / All) ultralight: see u afer 1 hour
(102:10 / All) ching_chong: okay
(102:17 / All) ultralight: bye
(102:42 / All) ching_chong: u go up the other hill
(102:43 / All) ching_chong: top left
(102:45 / All) ching_chong: north west
(102:45 / All) arahan.1234: are you really chisese?
(102:59 / Allies) ching_chong: lol he btted a phoenix
(103:22 / All) ching_chong: when does the hour start?
(103:30 / Allies) ching_chong: someone keep an eye on that warden
(103:34 / All) ultralight: about wat?
(103:55 / Allies) ching_chong: thats a smile
(103:57 / Allies) chineseorjapane: ))
(104:04 / Allies) ching_chong: its a russian smile i think
(104:07 / Allies) ching_chong: they say ) too
(104:42 / All) ching_chong: see you after 1 hour
(104:54 / All) ching_chong: see you during 1 hour also
(106:16 / Allies) ching_chong: lets go cast all powers on lich
(106:19 / Allies) ching_chong: wait michael
(106:23 / Allies) ching_chong: wait for my go
(106:27 / Allies) ching_chong: GO
(107:27 / Allies) ching_chong: they have a bit to unsummon
(107:29 / Allies) ching_chong: and items to sell
(107:31 / Allies) ching_chong: but yeah
(108:09 / Allies) ching_chong: idk about that
(108:38 / Allies) ching_chong: they picked races thatallow them to win against triple footmen with the greatest of ease
(108:58 / Allies) ching_chong: clan towa uses mumbl
(109:50 / Allies) ching_chong: keep that sorc outta here
(110:26 / Allies) ching_chong: he has
(110:27 / Allies) ching_chong: a new hall
(110:36 / Allies) ching_chong: warden
(111:08 / Allies) ching_chong: they should buy a der and silence us
(111:24 / Allies) ching_chong: why did you go out there
(111:44 / Allies) ching_chong: he lusted his bm
(111:47 / Allies) ching_chong: to run to my bird
(112:00 / Allies) ching_chong: dead bird
(112:27 / Allies) ching_chong: i dont need a lot of lowly footsoldiers clogging my retreat
(112:31 / Allies) ching_chong: keep em in the brink
(112:42 / Allies) ching_chong: keep those turd casters back
(112:51 / Allies) ching_chong: sh died thanks to casters
(113:10 / Allies) ching_chong: how come they dont quick hall left side
(114:45 / Allies) ching_chong: are you kidding me
(114:58 / Allies) ching_chong: tempted to tk that thing
(115:16 / Allies) ching_chong: im waiting on top
(115:24 / Allies) ching_chong: im not gonna risk it
(115:44 / Allies) ching_chong: to stir his gook brains
(116:22 / Allies) ching_chong: he lost 2 bats
(116:32 / Allies) ching_chong: here she comes
(116:33 / Allies) ching_chong: go bm
(116:37 / Allies) ching_chong: or be ready
(116:38 / Allies) ching_chong: to go
(116:39 / Allies) ching_chong: jsut wiat
(116:53 / Allies) ching_chong: my invis making him nervous
(116:57 / Allies) ching_chong: ev1 hold still
(117:00 / Allies) ching_chong: they are ready to quit
(117:04 / Allies) ching_chong: they just want 2 minutes of fake afk
(117:07 / Allies) ching_chong: to justiify it
(117:12 / Allies) ching_chong: lol
(117:59 / All) ching_chong: get off my land
(118:35 / Allies) ching_chong: he built 2 statues?
(118:39 / Allies) ching_chong: or they were just in his base all this tiem
(119:10 / Allies) ching_chong: fake afk hard now
(119:12 / Allies) ching_chong: no windwalks
(119:50 / Allies) ching_chong: im gonna fake mass tp to my egg
(119:52 / Allies) ching_chong: then cancel it
(120:34 / Allies) ching_chong: hes making a new orc hsop
(120:36 / Allies) ching_chong: over by us
(120:59 / Allies) ching_chong: i killed the other orc shop
(121:40 / Allies) ching_chong: they didnt shrae
(121:40 / Allies) ching_chong: lmao
(122:04 / Allies) ching_chong: they probably have ads
(122:08 / Allies) ching_chong: or they sell your convos to the feds
(122:25 / Allies) ching_chong: advert companies would
(122:29 / Allies) ching_chong: oh you said steam
(122:32 / Allies) ching_chong: i thought you said AIM
(122:46 / Allies) ching_chong: here it comes again
(122:49 / Allies) ching_chong: afk hrd
(123:00 / Allies) ching_chong: we could have got him if we alls printed
(123:03 / Allies) ching_chong: the second he blinked up
(123:09 / Allies) ching_chong: hero kill woudl prolong things and make them spend more
(123:24 / Allies) ching_chong: probably
(123:48 / Allies) ching_chong: these guys dont ping much
(126:15 / Allies) ching_chong: dont think so
(127:52 / Allies) ching_chong: dont
(128:06 / Allies) ching_chong: dont need mill
(128:20 / Allies) ching_chong: lets just save the space for now
(130:27 / Allies) ching_chong: go heal
(131:37 / Allies) ching_chong: probably knows how but fingers too fat
(132:38 / Allies) ching_chong: i like how this is like 4 pm for them
(133:30 / Allies) ching_chong: if i could get an orblock on low hp hero we could aoe it
(133:54 / Allies) ching_chong: hawk woudl die to nukes
(133:56 / Allies) ching_chong: keep hawks outt ait
(134:28 / Allies) ching_chong: keep hawk back
(134:32 / Allies) ching_chong: it would get BLASTED by coil nova
(135:02 / Allies) ching_chong: should we let him decay in peace for one round
(135:29 / Allies) ching_chong: just let him decay
(135:30 / Allies) ching_chong: fuk it
(136:03 / Allies) ching_chong: he could probably stretch it better next time
(136:05 / Allies) ching_chong: and hit one more
(137:03 / Allies) ching_chong: he wants to set main there
(137:04 / Allies) ching_chong: lol
(139:22 / Allies) ching_chong: golden aoe opp missed
(139:25 / Allies) ching_chong: michael
(140:21 / Allies) ching_chong: what did the ud lose
(140:24 / Allies) ching_chong: he was over food a second ago
(140:26 / Allies) ching_chong: oh the wyrm
(141:03 / Allies) ching_chong: inc ward
(141:27 / Allies) ching_chong: if he blinks up
(141:29 / Allies) ching_chong: sprint to him
(141:31 / Allies) ching_chong: and kill the warden
(141:50 / Allies) ching_chong: u afk?
(145:13 / Allies) ching_chong: heal warden
(145:14 / All) arahan.1234: kekek
(145:41 / Allies) ching_chong: lets nuke lich now?
(146:33 / Allies) ching_chong: wat if we werent watchign when he treid ti the first time
(146:34 / Allies) ching_chong: lol
(147:39 / All) ching_chong: white is right
(147:59 / Allies) ching_chong: ;lol
(148:43 / Allies) ching_chong: aw wtf
(148:46 / Allies) ching_chong: trhougth that was a ledge
(149:13 / Allies) ching_chong: l;eft side
(149:14 / Allies) ching_chong: yes
(149:16 / Allies) ching_chong: pretend u dont see
(151:36 / Allies) ching_chong: he has 640
(151:38 / Allies) ching_chong: enough to buy
(152:17 / Allies) ching_chong: he got it
(152:59 / Allies) ching_chong: they could mine 320 gold
(154:50 / Allies) ching_chong: i think he thinks it actually lands int eh woods
(156:10 / Allies) ching_chong: ya
(156:22 / Allies) ching_chong: idk
(160:37 / Allies) ching_chong: he cancelled it
(160:38 / Allies) ching_chong: lmao
(161:33 / Allies) ching_chong: he bopugth it
(162:24 / Allies) ching_chong: he shot is tree of life
(162:25 / Allies) ching_chong: one time
(162:27 / Allies) ching_chong: in a fit of rage
(162:30 / Allies) ching_chong: potm attacked tree
(162:34 / All) ching_chong: LOL
(162:37 / All) ching_chong: SEE YOU IN ONE HOUR
(162:39 / All) worldoftankcraf: owned
(162:41 / All) chineseorjapane: ª _ ª
(163:17 / All) ultralight: bayer only leave
(163:30 / All) ching_chong: bayer on bitch duty
(164:44 / Allies) ching_chong: arahan logged
(164:46 / Allies) ching_chong: lol
(165:02 / All) Bayer: i'm a pc room owner
(165:06 / All) Bayer: we are win ^^
(165:14 / All) ching_chong: if i own you, does that mean i own your room too?
(165:41 / Allies) ching_chong: yeah bm needs to go down
(165:50 / Allies) ching_chong: quickhall
(166:18 / Allies) ching_chong: bring it back
(166:26 / Allies) ching_chong: altar and burrow
(166:46 / All) ching_chong: sell ud base
(167:12 / Allies) ching_chong: at this point he really should counterperch
(167:32 / Allies) ching_chong: well im ean theres no point in him hanging out here
(167:36 / Allies) ching_chong: he should go sit on his biggest tower pile
(167:41 / Allies) ching_chong: and sleep witht he volume on max
(167:50 / Allies) ching_chong: or if its like 5 pm there
(167:52 / Allies) ching_chong: not sleep
(168:57 / Allies) ching_chong: 9 hp til doom
(168:59 / Allies) ching_chong: xp*
(169:15 / Allies) ching_chong: hes gonna go kill my spider
(169:16 / Allies) ching_chong: look at him
(169:20 / Allies) ching_chong: lmao
(169:25 / Allies) ching_chong: whats he gonna do
(169:27 / Allies) ching_chong: when he gets there
(169:43 / Allies) ching_chong: look at this act
(169:45 / Allies) ching_chong: hes putting on for us
(169:52 / Allies) ching_chong: "iT muST be INVISible
(170:00 / Allies) ching_chong: "CLEarly i figured this out"
(170:25 / Allies) ching_chong: honestly at this point if they tped up
(170:28 / Allies) ching_chong: bm ult plus tri aoe
(170:29 / Allies) ching_chong: woudl rape
(170:48 / Allies) ching_chong: waa fuk
(171:39 / Allies) ching_chong: blink warden down and hide quick hall i the woods
(171:59 / Allies) ching_chong: look at his owl scout
(172:49 / Allies) ching_chong: idk
(173:00 / Allies) ching_chong: LOL
(173:09 / All) ching_chong: not gonna hide it anymore?
(173:34 / All) ching_chong: did you pull your username off the nearest bottle of pills when you registered?
(173:44 / All) ching_chong: i wodner if anyone on asia is named "lexmark"
(174:05 / All) Bayer: i'm a panda.lyn
(174:11 / All) Bayer: korea is best !
(174:17 / All) ching_chong: 21-17 is owrst
(174:19 / All) ching_chong: worst
(174:30 / All) Bayer: 2011 wcg
(174:34 / All) Bayer: champion
(174:40 / All) Bayer: panda.lyn !
(174:44 / All) Bayer: sky is loser !
(174:51 / All) worldoftankcraf: champion of noobs
(175:04 / All) ching_chong: champion of losing with hacks
(175:45 / Allies) ching_chong: ya
(175:52 / Allies) ching_chong: look at this act
(175:54 / Allies) ching_chong: hes putting on
(176:32 / Allies) ching_chong: give me the quick hall
(176:35 / Allies) ching_chong: and ill drop it soemwhere
(176:39 / Allies) ching_chong: to get bm down
(176:41 / Allies) ching_chong: i do
(176:50 / Allies) ching_chong: yeah nvm
(176:53 / Allies) ching_chong: bm cant do shit
(176:54 / Allies) ching_chong: as is
(177:45 / Allies) ching_chong: yeah lure
(177:56 / Allies) ching_chong: nvm
(177:57 / Allies) ching_chong: thats too much
(178:14 / Allies) ching_chong: too far
(178:19 / Allies) ching_chong: it would have ot cram agains thte cliff
(178:37 / Allies) ching_chong: keep thsoe casters away form my mass tp
(179:01 / Allies) ching_chong: i gave that thing a quick hall?
(181:03 / Allies) ching_chong: watch him "find" that critter
(181:27 / Allies) ching_chong: pip him
(181:29 / Allies) ching_chong: so i cna doom
(181:57 / Allies) ching_chong: b
(182:09 / Allies) ching_chong: dotn assume well be able to do it
(182:10 / Allies) ching_chong: get back up
(182:50 / Allies) ching_chong: pip here
(183:05 / Allies) ching_chong: shaman
(184:05 / Allies) ching_chong: it dies faster thna shit
(184:10 / Allies) worldoftankcraf: kill the raider
(187:21 / Allies) ching_chong: no mater how late i go to bed
(187:25 / Allies) ching_chong: mom or dad is always still up
(189:05 / Allies) ching_chong: pretty much 0
(189:42 / All) ching_chong: those aboms look really useful
(189:45 / All) ching_chong: fess up... whose idea was that
(190:24 / Allies) ching_chong: if this guy didnt hack we probably could have drained that bottom mine
(195:45 / All) ching_chong: if you cant kill top left, how could you possibly hope to win
(196:26 / Allies) ching_chong: his partners are both online
(196:28 / Allies) ching_chong: 1s in a game
(198:19 / Allies) ching_chong: blink down
(198:22 / Allies) ching_chong: and set that tree by the mine
(198:30 / Allies) ching_chong: letsg et bm down
(199:00 / Allies) ching_chong: almost domed
(200:50 / Allies) ching_chong: warden
(201:05 / Allies) ching_chong: when did he "find" my critter
(201:07 / Allies) ching_chong: i didnt even notice
(201:25 / Allies) ching_chong: after u mine all that gold put ur tree inside the forsest
(202:25 / Allies) ching_chong: lol
(205:15 / Allies) ching_chong: why is sh carrying health stone
(205:53 / Allies) ching_chong: ensnare
(206:12 / Allies) ching_chong: remake ur altar
(206:15 / Allies) ching_chong: make it above mine
(206:30 / Allies) ching_chong: o ya
(206:39 / Allies) ching_chong: dont need towers
(206:39 / Allies) ching_chong: any more
(208:24 / Allies) ching_chong: elf player is out of the game
(208:42 / Allies) ching_chong: ud is way over food
(208:45 / Allies) ching_chong: he cant even unsummon
(208:50 / Allies) ching_chong: and if that main dies, hes out tgoo
(210:51 / All) ching_chong: LOL
(211:54 / Allies) ching_chong: youd die to damage
(212:33 / Allies) ching_chong: warden care
(214:12 / All) ching_chong: dota deny
(217:56 / All) ching_chong: hey, someone is making off with one of your laptops
(217:59 / All) ching_chong: better go stop him
(218:22 / Allies) ching_chong: he said he was a pc store owner
(218:43 / Allies) ching_chong: a pc roomba owner
(219:12 / Allies) ching_chong: roomba that programmable vacuum robot
(219:43 / Allies) ching_chong: i kidn of want boots of speed for am
(220:00 / Allies) ching_chong: get on that hill
(220:03 / Allies) ching_chong: so i can tp htere
(220:31 / Allies) ching_chong: lure a unit within doom rage
(220:33 / Allies) ching_chong: if u can
(220:59 / Allies) ching_chong: bm go here too
(221:00 / Allies) worldoftankcraf: tommy lure them
(221:01 / Allies) ching_chong: i want to doom something
(221:29 / Allies) ching_chong: here we go
(221:30 / Allies) ching_chong: lure
(221:31 / Allies) ching_chong: lure to pit
(221:45 / Allies) ching_chong: bingo
(221:51 / Allies) ching_chong: storm?
(222:33 / Allies) worldoftankcraf: sh is almost oom
(223:04 / Allies) ching_chong: ive gotten good mileage out of all 3 of these
(224:12 / Allies) worldoftankcraf: lets leave it all with i hp each
(224:15 / Allies) worldoftankcraf: 1
(224:34 / Allies) ching_chong: id ontw ant thim to have LOS
(225:06 / Allies) ching_chong: 200 g pls
(225:21 / Allies) ching_chong: thx
(225:38 / Allies) ching_chong: i should ahve had pit run forward and doom
(225:42 / Allies) ching_chong: then bloodlord staff
(225:45 / Allies) ching_chong: then am tp
(226:32 / Allies) ching_chong: click that shaman
(228:06 / Allies) ching_chong: hide
(229:10 / Allies) ching_chong: tommy give my am boots
(229:18 / Allies) ching_chong: and i can ult, staff and run
(229:24 / Allies) ching_chong: doom, then am staffs pit
(229:26 / Allies) ching_chong: and runs
(229:42 / Allies) ching_chong: i tried totp them all out
(229:46 / Allies) ching_chong: this tiem ills taff
(229:58 / Allies) ching_chong: ya am with boots
(230:00 / Allies) ching_chong: pretty fast
(231:40 / Allies) ching_chong: heal
(231:42 / Allies) ching_chong: whats it hexing
(232:17 / Allies) ching_chong: that shaman should be our main targe
(232:27 / Allies) ching_chong: blood lust move speed
(233:17 / Allies) ching_chong: 400 g pls :s
(233:34 / Allies) ching_chong: nvm i got it
(235:33 / Allies) ching_chong: storm soon?
(235:41 / Allies) ching_chong: his fiends
(235:49 / Allies) ching_chong: yeah idk
(235:52 / Allies) ching_chong: level 9 bm
(235:54 / Allies) ching_chong: and lichorb
(237:53 / Allies) ching_chong: storm thsoe 2 fiensd and main
(237:55 / Allies) ching_chong: when he chases bird
(238:06 / Allies) ching_chong: go
(238:19 / Allies) ching_chong: b
(238:20 / Allies) ching_chong: 2 late
(238:20 / Allies) worldoftankcraf: or not
(239:33 / Allies) ching_chong: bm give me vision
(239:40 / Allies) ching_chong: ww in there
(240:41 / Allies) ching_chong: he has level 10 coil
(241:22 / Allies) ching_chong: storm main now
(241:59 / Allies) ching_chong: last hit
(242:11 / Allies) ching_chong: fail
(242:33 / Allies) ching_chong: storm
(242:35 / Allies) ching_chong: those 2
(243:16 / Allies) ching_chong: 2
(243:51 / Allies) ching_chong: reveal on cd
(244:07 / Allies) ching_chong: kill his main
(247:04 / Allies) ching_chong: im gonna sui click his buldings
(247:28 / Allies) ching_chong: yeah
(247:30 / Allies) ching_chong: click dk
(247:56 / All) worldoftankcraf: raped
(248:04 / All) ching_chong: spanked
(248:17 / Allies) ching_chong: lets guard his budlings
(248:23 / Allies) ching_chong: nm
(248:56 / Allies) ching_chong: waiot